 Dungeon Crawl Stone Soup version 0.28.0-1-gb440e238dd (webtiles) character file.

Game seed: 12360767605228355187

154 fknight the Chopper (level 5, -11/70 HPs)
             Began as a Hill Orc Monk on Feb 23, 2022.
             Engulfed by a steam dragon's steam (13 damage)
             ... on level 4 of the Dungeon.
             The game lasted 00:13:21 (3448 turns).

fknight the Chopper (Hill Orc Monk)                 Turns: 3448, Time: 00:13:21

Health: -11/70     AC: 22    Str: 16    XL:     5   Next: 35%
Magic:  5/5        EV:  2    Int: 10    God:
Gold:   97         SH:  0    Dex: 13    Spells: 4/4 levels left

rFire   . . .      SeeInvis .   a - +0 hand axe
rCold   . . .      Faith    .   (no shield)
rNeg    . . .      Spirit   .   (armour currently unavailable)
rPois   +          Reflect  .   (helmet currently unavailable)
rElec   .          Harm     .   (cloak currently unavailable)
rCorr   .          Rampage  .   (gloves currently unavailable)
Will    .....      NoTele   +   (boots currently unavailable)
Stlth   ++........              (no amulet)
HPRegen 0.21/turn               (no ring)
MPRegen 0.09/turn               (no ring)

@: mighty, tree-form, attractive
A: stationary, stasis, torment immunity, boosted hp
a: no special abilities


You were on level 4 of the Dungeon.
You were a tree.
You visited 1 branch of the dungeon, and saw 4 of its levels.

You collected 97 gold pieces.

Inventory:

Hand Weapons
 a - a +0 hand axe (weapon)
 q - a +0 hunting sling
Missiles
 d - 10 sling bullets
 k - 22 arrows
 m - 88 stones (quivered)
 p - 4 atropa-tipped darts
Armour
 c - a +1 helmet (melded)
 g - a +0 ring mail (melded)
Magical Staves
 n - a staff of air
Scrolls
 b - a scroll of blinking
 f - a scroll of brand weapon {unknown}
Potions
 e - 2 potions of cancellation
 h - a potion of flight


   Skills:
 + Level 4.7 Fighting
 + Level 5.1 Axes
 + Level 3.2 Dodging
 + Level 2.7 Stealth


You had 4 spell levels left.
You didn't know any spells.
Your spell library contained the following spells:

 Spells                   Type           Power      Damage    Failure   Level
 Gell's Gravitas          Tloc           0%         N/A       75%         3
 Teleport Other           Tloc           0%         N/A       75%         3
 Dispersal                Tloc           0%         N/A       100%        6


Dungeon Overview and Level Annotations

Branches:
Dungeon (4/15)
 Temple: D:4-7

Altars:
Ashenzari
Nemelex Xobeh


Message History

The steam dragon is heavily wounded.
You are engulfed in a cloud of scalding steam.
The steam dragon breathes steam at you. The ball of steam misses you.
You hit the steam dragon.
The steam dragon is heavily wounded.
You are engulfed in a cloud of scalding steam.
* * * LOW HITPOINT WARNING * * *
The steam dragon closely misses you. The steam dragon claws you.
* * * LOW HITPOINT WARNING * * *
Okay, then.
You hit the steam dragon but do no damage.
The steam dragon is heavily wounded.
The steam dragon barely misses you. The steam dragon claws you.
* * * LOW HITPOINT WARNING * * *
You hit the steam dragon but do no damage.
The steam dragon is heavily wounded.
The steam dragon bites you.
* * * LOW HITPOINT WARNING * * *
The steam dragon claws you but does no damage.
It was a potion of lignification.
You turn into a tree.
Your +1 helmet melds into your body.
Your +0 ring mail melds into your body.
Your roots penetrate the ground.
The steam dragon bites you but does no damage.
The steam dragon claws you.
* * * LOW HITPOINT WARNING * * *
Unknown command.
It was a potion of might.
You feel very mighty all of a sudden. The steam dragon breathes steam at you.
The ball of steam hits you but does no damage.
It was a potion of attraction.
You feel attractive to monsters.
You are engulfed in a cloud of scalding steam.
The steam dragon bites you but does no damage.
The steam dragon claws you but does no damage.
You closely miss the steam dragon.
The steam dragon is heavily wounded.
You are engulfed in a cloud of scalding steam.
You die...

.......## !......
#..... # #....
#.#...# ##..
#.###.#...##.....
......D....(.....
#♣.†# #.§.##.##.
#..§.......
#.#.##.###.
########.#.# #
.........#<##.##
########.#......
#......#
#.....### .#


You could see a steam dragon.

Vanquished Creatures
  4 gnolls (D:2)
  4 adders
  A dart slug (D:3)
  2 orcs
  5 ball pythons (D:1)
  9 endoplasms
  4 giant cockroaches
  12 goblins
  4 hobgoblins
  3 jackals (D:1)
  8 kobolds
  2 quokkas
  7 bats
  2 frilled lizards
  4 rats
71 creatures vanquished.

Notes
Turn   | Place    | Note
-------+----------+-------------------------------------------
     0 | D:1      | fknight the Hill Orc Monk began the quest for the Orb.
     0 | D:1      | Reached XP level 1. HP: 19/19 MP: 1/1
   100 | D:1      | Reached XP level 2. HP: 27/27 MP: 2/2
   733 | D:1      | Reached XP level 3. HP: 33/33 MP: 3/3
  1117 | D:1      | Found a faded altar of an unknown god.
  1936 | D:2      | Reached XP level 4. HP: 37/40 MP: 4/4
  2625 | D:3      | Found a broken altar of Ashenzari.
  2648 | D:3      | Reached skill level 5 in Axes
  2808 | D:3      | Reached XP level 5. HP: 47/47 MP: 5/5
  3216 | D:3      | Found a sparkling altar of Nemelex Xobeh.
  3430 | D:4      | Noticed a steam dragon
  3444 | D:4      | HP: 2/47 [steam dragon (4)]
  3448 | D:4      | Engulfed by a steam dragon's steam

Illustrated notes

Levels and vault maps discovered:
D:1:      dpeg_arrival_rooms_a, layout_rooms,
          hellmonk_ecumenical_altar_leap_of_faith, minmay_tromino_mix6
D:2:      layout_loops_ring, minmay_strange_pillars
D:3:      layout_loops_cross, mainiacjoe_overflow_alcove_2,
          mainiacjoe_overflow_24_doors
D:4:      layout_loops_ring, nicolae_dithmenos_through_a_glass_darkly

Skill      XL: |  1  2  3  4 |
---------------+-------------+-----
Fighting       | 4 |  4.7
Stealth        | 2 |  2.7
Dodging        | 3 |  3.2
Axes           | 5 |  5.1

Action                   |  1- 3 |  4- 6 || total
-------------------------+-------+-------++-------
Melee: Hand axe          |   175 |   101 ||   276
       Punch             |       |     2 ||     2
 Fire: Hunting sling     |     8 |    29 ||    37
Throw: Stone             |    48 |     2 ||    50
  Use: Scroll            |     4 |     2 ||     6
       Potion            |       |     7 ||     7
Armor: Leather armour    |    62 |     7 ||    69
       Ring mail         |       |    21 ||    21
       Skin              |       |     5 ||     5
Dodge: Dodged            |   124 |    63 ||   187
